Map: Lost and Found LE

Players

thermy (uThermal) - Winner!

  • Race: Terran Terran
  • League: Master
  • Spawn Location: 7:00

Harstem

  • Race: Protoss Protoss
  • Spawn Location: 1:00

Event: WCS Montreal 2018

VOD

Have the link to the VOD?

Description

Time

  • Played on: Sept. 7, 2018, 6:22 p.m.
  • Length: 3:58

All games in this series

Show
View Real Time Build Order
Export as new Build Order

thermy Terran - Winner!

Build Orders: Cyclone Opening 

Get SALT Encoding   

  12  0:01  SCV  
  13  0:13  SCV  
  14  0:17  Supply Depot  
  14  0:25  SCV  
  15  0:38  SCV  
  16  0:43  Barracks  
  16  0:44  Refinery  
  16  0:50  SCV  
  16  0:54  Refinery  
  17  1:02  SCV  
  18  1:14  SCV  
  19  1:29  Marine  
  19  1:30  Orbital Command  
  19  1:32  Factory  
  20  1:42  Supply Depot  
  20  1:47  Barracks Reactor  
  20  1:55  SCV  
  21  2:08  SCV  
  22  2:20  SCV  
  22  2:22  Supply Depot  
  23  2:27  Cyclone x2  
  29  2:32  SCV  
  31  2:44  SCV  
  31  2:59  Cyclone x2  
  36  3:13  Supply Depot  
  42  3:43  Supply Depot  
Show
View Real Time Build Order
Export as new Build Order

Harstem Protoss 

Build Orders: 1 Gate Expand 

Get SALT Encoding   

  12  0:01  Probe  
  13  0:13  Probe  
  14  0:17  Pylon  
  14  0:25  Probe  
  15  0:33  Probe  
  15  0:35  Gateway  
  15  0:41  Probe  
  16  0:46  Assimilator  
  17  0:51  Probe  
  18  1:03  Probe  
  19  1:15  Probe  
  20  1:22  Cybernetics Core  
  20  1:31  Nexus  
  20  1:36  Pylon  
  20  1:39  Probe  
  21  1:45  Assimilator  
  21  1:49  Adept  
  21  1:50  Warp Gate  
  21  1:52  Probe  
  24  2:04  Probe  
  25  2:08  Adept  
  25  2:16  Probe  
  28  2:28  Probe  
  29  2:34  Stalker  
  31  2:43  Probe  
  32  2:45  Gateway x2  
  32  2:52  Shield Battery  
  32  2:55  Stalker  
  32  2:57  Probe  
  35  3:08  Shield Battery, Probe  
  35  3:11  Probe  
  37  3:21  Pylon  
  37  3:25  Pylon  
  34  3:53  Stalker  
  34  3:54  Stalker x2  
  40  3:57  Pylon  
Tags
 
Add a new tag
Caveats
  • Supply blocks, unpowered buildings, or Contaminate may cause inaccurate times.
  • Supply counts are checked every 10 seconds.